 Dungeon Crawl Stone Soup version 0.29.0-4-gdea44cf6ec (webtiles) character file.

Game seed: 2941121369495353073

7 qw the Chopper (level 2, 0/17 HPs)
             Began as a Tengu Warper on Aug 28, 2022.
             Succumbed to their own poison gas
             ... on level 1 of the Dungeon.
             The game lasted 00:00:02 (249 turns).

qw the Chopper (Tengu Warper)                        Turns: 249, Time: 00:00:03

Health: 0/17       AC:  4    Str: 11    XL:     2   Next: 0%
Magic:  6/6        EV: 11    Int: 13    God:
Gold:   7          SH:  0    Dex: 13    Spells: 5/5 levels left

rFire   . . .      SeeInvis .   Y - +0 hand axe
rCold   . . .      Faith    .   (no shield)
rNeg    . . .      Spirit   .   b - +0 leather armour
rPois   .          Reflect  .   (helmet restricted)
rElec   .          Harm     .   k - +0 cloak
rCorr   .          Rampage  .   (no gloves)
Will    .....                   (boots unavailable)
Stlth   +.........              (no amulet)
HPRegen 0.05/turn               (no ring)
MPRegen 0.10/turn               (no ring)

@: lethally poisoned (0 -> -2)
A: beak, talons 3
a: no special abilities


You were on level 1 of the Dungeon.
You visited 1 branch of the dungeon, and saw 1 of its levels.

You collected 7 gold pieces.


Innate Abilities, Weirdness & Mutations

You have a beak for a mouth.
You have claws for feet.


   Skills:
 - Level 2.0 Fighting
 + Level 2.9 Axes
 - Level 1.0 Throwing
 - Level 1.1 Armour
 - Level 2.1 Dodging
 - Level 2.0 Spellcasting
 - Level 2.4 Translocations


You had 5 spell levels left.
You didn't know any spells.
Your spell library contained the following spells:

 Spells                   Type           Power      Damage    Failure   Level
 Blink                    Tloc           14%        N/A       19%         2
 Gell's Gravitas          Tloc           7%         N/A       36%         3
 Lesser Beckoning         Tloc           7%         N/A       36%         3
 Teleport Other           Tloc           7%         N/A       36%         3
 Manifold Assault         Tloc           7%         N/A       98%         5

Inventory:

Hand Weapons
 d - a +0 club
 Y - a +0 hand axe (weapon)
Armour
 b - a +0 leather armour (worn)
 k - a +0 cloak (worn)
Potions
 f - a potion of heal wounds {unknown}
 g - a potion of curing {unknown}
 i - a potion of haste {unknown}

Dungeon Overview and Level Annotations

Branches:
Dungeon (1/15)

Altars:
Sif Muna


Message History

A giant cockroach is nearby!
233 ||| UPGRADING to +0 cloak.
You start putting on your armour.
You continue putting on your +0 cloak. x4
You finish putting on your +0 cloak.
A giant cockroach is nearby!
238 ||| DROPPING ring of magical power.
You drop a ring of magical power.
A giant cockroach is nearby!
239 ||| READING scroll labelled WOTARU FUEDEAFE.
As you read the scroll labelled WOTARU FUEDEAFE, it crumbles to dust.
The air around you briefly surges with heat, but it dissipates.
It was a scroll of immolation.
A giant cockroach is nearby!
240 ||| READING scroll labelled KACOUH INNAODU.
The air fills with toxic fumes!
As you read the scroll labelled KACOUH INNAODU, it crumbles to dust.
It was a scroll of poison.
A giant cockroach is nearby!
241 ||| DROPPING scroll of blinking.
You drop a scroll of blinking.
A giant cockroach is nearby!
A giant cockroach is nearby!
242 ||| Stepping randomly (stuck).
Really walk into that cloud of poison gas?
You are engulfed in poison gas.
You are poisoned.
You feel very sick.
243 ||| Stepping ~*~*~tactically~*~*~ (cloud).
You feel sick.
Things that are here:
a scroll of blinking; a ring of magical power
There is a lethal amount of poison in your body!
You feel sick.
There is a lethal amount of poison in your body!
You feel sick.
There is a lethal amount of poison in your body!
You feel sick.
There is a lethal amount of poison in your body!
You feel sick.
There is a lethal amount of poison in your body!
You feel sick.
There is a lethal amount of poison in your body!
You die...

#.# ..> ##.###.#
########......#
#.....0¤.#..# ...
#....#¤###B.# ...
#0.###¤¤0##¤# ... #
#¤0.#¤0800¤¤# #.# ~
#¤¤¤#08080#.###.# #~
#¤¤¤¤@¤8¤0#..##.# #~
#0¤0##000###..#.#####~
#¤¤..###¤#.[....%....~
####.#...¤0####.####.~
#...###.# #.# #|~
..... #... ... #.~
#####.#######.## #..
.# #.# #.. .# ... #.~


You could see a giant cockroach.

Vanquished Creatures
  A hobgoblin (D:1)
  A quokka (D:1)
  A ball python (D:1)
  A bat (D:1)
  A frilled lizard (D:1)
  A kobold (D:1)
  2 rats (D:1)
8 creatures vanquished.

Notes
Turn   | Place    | Note
-------+----------+-------------------------------------------
     0 | D:1      | qw the Tengu Warper began the quest for the Orb.
     0 | D:1      | Reached XP level 1. HP: 12/12 MP: 4/4
     0 | D:1      | 0 ||| qw: Version: 0.1-a-89-g26bdef1
     0 | D:1      | 0 ||| qw: Game counter: 2633
     0 | D:1      | 0 ||| qw: Always use a shield: true
     0 | D:1      | 0 ||| qw: God list: Okawaru
     0 | D:1      | 0 ||| qw: Allow faded altars: false
     0 | D:1      | 0 ||| qw: Do Orc after D:15 true
     0 | D:1      | 0 ||| qw: Do second Lair branch before Depths: true
     0 | D:1      | 0 ||| qw: Lair rune preference: random
     0 | D:1      | 0 ||| qw: Plans: Normal
     0 | D:1      | 0 ||| PLANNING D:1-11
    59 | D:1      | 59 ||| Stepping ~*~*~tactically~*~*~ (stealth).
    92 | D:1      | Reached XP level 2. HP: 11/17 MP: 6/6
   214 | D:1      | Found a shimmering blue altar of Sif Muna.
   233 | D:1      | 233 ||| UPGRADING to +0 cloak.
   238 | D:1      | 238 ||| DROPPING ring of magical power.
   239 | D:1      | 239 ||| READING scroll labelled WOTARU FUEDEAFE.
   240 | D:1      | 240 ||| READING scroll labelled KACOUH INNAODU.
   241 | D:1      | 241 ||| DROPPING scroll of blinking.
   242 | D:1      | 242 ||| Stepping randomly (stuck).
   243 | D:1      | 243 ||| Stepping ~*~*~tactically~*~*~ (cloud).
   245 | D:1      | HP: 4/17 [poisoned by you (poison gas)]
   248 | D:1      | HP: 1/17 [poisoned by you (poison gas)]
   249 | D:1      | Succumbed to their own poison gas

Levels and vault maps discovered:
D:1:      lightli_arrival_isolated_outpost, layout_basic, minmay_hexomino_r4

Action                   || total
-------------------------++-------
Melee: Hand axe          ||    10
       Kick              ||     1
       Peck              ||     1
Throw: Boomerang         ||     7
  Use: Scroll            ||     2
Dodge: Dodged            ||     3

Table legend:
 A = Non-vault XP
 B = Vault XP
 C = Vault XP percentage of total XP
 D = Non-vault monster count
 E = Vault monster count
 F = Vault count percentage of total count
                 A         B        C        D         E       F
            +---------+---------+-------+---------+---------+-------
      Total |       5 |       5 |  50.0 |       4 |       4 |  50.0
            +---------+---------+-------+---------+---------+-------
        D:1 |       5 |       5 |  50.0 |       4 |       4 |  50.0
            +---------+---------+-------+---------+---------+-------
